 Dungeon Crawl Stone Soup version 0.16-a0-3159-ge6ac362 (webtiles) character file.

62 Ekaitz the Firebug (level 3, -4/28 HPs)
             Began as a Salamander Fire Elementalist on May 4, 2015.
             Slain by a gnoll
             ... wielding a +0 whip
              (7 damage)
             ... on level 2 of the Dungeon.
             The game lasted 00:03:46 (791 turns).

Ekaitz the Firebug (Salamander Fire Elementalist)    Turns: 791, Time: 00:03:46

Health: -4/28      AC:  5    Str:  8    XL:     3   Next: 85%
Magic:  0/7        EV: 13    Int: 15    God:
Gold:   106        SH:  0    Dex: 14    Spells: 2 memorised, 4 levels left

rFire  . . .     SeeInvis .     (no weapon)
rCold  x . .     Clarity  .     a - +1 robe
rNeg   . . .     SustAb   .     (no shield)
rPois  .         Gourm    .     (no helmet)
rElec  .         Spirit   .     (no cloak)
rCorr  .         Warding  .     (no gloves)
rMut   .         Stasis   .     (no barding)
MR     .....                    (no amulet)
Stlth  ++........               (no ring)
                                (no ring)

@: very slow, not resistant to hostile enchantments, unstealthy
A: fiery attack, slowness 2, tough skin 2, cold vulnerability 1
a: no special abilities


You were on level 2 of the Dungeon.
You were hungry.

You visited 1 branch of the dungeon, and saw 2 of its levels.

You collected 106 gold pieces.

Inventory:

Armour
 a - a +1 robe (worn)
Scrolls
 j - a scroll of amnesia
Potions
 d - a potion of agility {unknown}
 e - a potion of brilliance {unknown}
 h - a potion of flight {unknown}
Books
 b - a book of Flames

   Spells                             Type                      Level
   a - Flame Tongue                   Conjuration/Fire             1
   b - Throw Flame                    Conjuration/Fire             2
   c - Conjure Flame                  Conjuration/Fire             3
   d - Inner Flame                    Hexes/Fire                   3
   e - Sticky Flame                   Conjuration/Fire             4
   f - Fireball                       Conjuration/Fire             5
Comestibles
 c - a bread ration


   Skills:
 * Level 1.5 Fighting
 + Level 2.4 Dodging
 + Level 2.3 Stealth
 + Level 2.6 Spellcasting
 + Level 1.9 Conjurations
 + Level 4.6 Fire Magic


You had 4 spell levels left.
You knew the following spells:

 Your Spells              Type           Power        Failure   Level  Hunger
a - Flame Tongue          Conj/Fire      ##...        8%          1    #......
b - Throw Flame           Conj/Fire      ##....       12%         2    ###....


Dungeon Overview and Level Annotations

Branches:
Dungeon (2/15)

Altars:


Innate Abilities, Weirdness & Mutations

Your melee attacks set your foes ablaze.
You cannot wear boots.
You cover ground very slowly.
You have very tough skin (AC +2).
You are vulnerable to cold.


Message History

You hit the gnoll but do no damage.
The gnoll is moderately wounded.
The gnoll closely misses you.
You hit the gnoll. You burn the gnoll.
The gnoll is severely wounded.
The gnoll hits you with a whip!
* * * LOW HITPOINT WARNING * * *
Casting: Flame Tongue
Confirm with . or Enter, or press ? or * to list all spells.
Aiming: Flame Tongue
Press: ? - help, Shift-Dir - straight line, f/p - gnoll
Aim: a gnoll, wielding a whip and wearing a leather armour (severely wounded)
The flame tongue hits the gnoll.
The gnoll appears unharmed.
The gnoll is severely wounded.
The gnoll hits you with a whip.
* * * LOW HITPOINT WARNING * * *
You hit the gnoll but do no damage.
The gnoll is severely wounded.
The gnoll hits you with a whip!
You die...

..#..(#.#####.# .....
...............##.....
.......................
##...................#
#..............[.<....#
#.....................#
#.....................#
#.........g...........#
#........@)...........#
#.......#+######......#
##.............'......+
#.............#......#
##+#...........#......#
...............#########
.......>...............+
.....#.....(..#.......##
..............#.......#


You could see a gnoll.

Vanquished Creatures
  3 gnolls (D:2)
  A giant gecko (D:1)
  An ooze (D:1)
  2 bats
  2 giant cockroaches (D:1)
  4 hobgoblins (D:1)
  3 jackals (D:1)
  5 kobolds
  2 giant newts (D:1)
  4 goblins (D:1)
  A rat (D:1)
28 creatures vanquished.

Notes
Turn   | Place    | Note
--------------------------------------------------------------
     0 | D:1      | Ekaitz, the Salamander Fire Elementalist, began the quest for the Orb.
     0 | D:1      | Reached XP level 1. HP: 14/14 MP: 3/3
    68 | D:1      | Reached XP level 2. HP: 11/22 MP: 0/6
    73 | D:1      | Learned a level 2 spell: Throw Flame
   405 | D:1      | Reached skill level 1 in Fighting
   559 | D:1      | Reached XP level 3. HP: 14/28 MP: 2/7
   791 | D:2      | Slain by a gnoll

Action                   || total
-------------------------++-------
Melee: Unarmed           ||    90
 Cast: Flame Tongue      ||    26
       Throw Flame       ||     9
  Use: Scroll            ||     3
 Stab: Sleeping          ||     1
